 Dungeon Crawl Stone Soup version 0.28.0-47-ge53b351184 (webtiles) character file.

Game seed: 11418216048084835985

5 Descartes the Grasshopper (level 1, 0/16 HPs)
             Began as a Formicid Warper on May 9, 2022.
             Slain by a quokka (3 damage)
             ... on level 1 of the Dungeon.
             The game lasted 00:00:38 (334 turns).

Descartes the Grasshopper (Formicid Warper)          Turns: 334, Time: 00:00:39

Health: 0/16       AC:  3    Str: 15    XL:     1   Next: 88%
Magic:  3/3        EV: 11    Int: 12    God:
Gold:   0          SH:  0    Dex: 10    Spells: 4/4 levels left

rFire   . . .      SeeInvis +   a - +0 mace
rCold   . . .      Faith    .   (no shield)
rNeg    . . .      Spirit   .   b - +0 leather armour
rPois   .          Reflect  .   (helmet unavailable)
rElec   .          Harm     .   (no cloak)
rCorr   .          Rampage  .   (no gloves)
Will    .....                   (no boots)
Stlth   +.........              (no amulet)
HPRegen 0.05/turn               (no ring)
MPRegen 0.08/turn               (no ring)

@: no status effects
A: permanent stasis, dig shafts and tunnels, antennae 3, four strong arms
a: Dig, Shaft Self


You were on level 1 of the Dungeon.
You visited 1 branch of the dungeon, and saw 1 of its levels.

Inventory:

Hand Weapons
 a - a +0 mace (weapon)
Missiles
 c - 5 boomerangs of dispersal (quivered)
 d - 29 stones
 f - 26 arrows
Armour
 b - a +0 leather armour (worn)
Potions
 e - a potion of might {unknown}


   Skills:
 - Level 2.1 Fighting
 + Level 2.1 Maces & Flails
 - Level 1.0 Throwing
 + Level 1.2 Armour
 - Level 1.7 Dodging
 + Level 0.4 Shields
 - Level 2.1 Spellcasting
 + Level 2.7 Translocations
 + Level 0.3 Evocations


You had 4 spell levels left.
You didn't know any spells.
Your spell library contained the following spells:

 Spells                   Type           Power      Damage    Failure   Level
 Gell's Gravitas          Tloc           7%         N/A       32%         3
 Lesser Beckoning         Tloc           7%         N/A       32%         3
 Teleport Other           Tloc           7%         N/A       32%         3
 Manifold Assault         Tloc           7%         N/A       96%         5
 Blink                    Tloc           Unusable   N/A       N/A         2

Dungeon Overview and Level Annotations

Branches:
Dungeon (1/15)

Altars:


Innate Abilities, Weirdness & Mutations

You cannot be hasted, slowed, berserked, paralysed or teleported.
You can dig through walls and to a lower floor.
You have a pair of large antennae on your head. (SInv)
Your four strong arms can wield two-handed weapons with a shield.


Message History

The quokka is severely wounded.
The frilled lizard barely misses you. The quokka bites you.
The quokka barely misses you. The frilled lizard closely misses you.
The quokka bites you.
You barely miss the quokka.
The quokka is severely wounded.
The quokka barely misses you. The quokka bites you.
The frilled lizard closely misses you. The quokka closely misses you.
You hit the quokka but do no damage.
The quokka is severely wounded.
The quokka barely misses you. The frilled lizard bites you.
The quokka bites you. The quokka closely misses you.
You are too injured to fight recklessly!
You are too injured to fight recklessly!
You are too injured to fight recklessly!
You are too injured to fight recklessly!
You are too injured to fight recklessly!
You are too injured to fight recklessly!
You are too injured to fight recklessly!
You are too injured to fight recklessly!
You are too injured to fight recklessly!
You are too injured to fight recklessly!
You are too injured to fight recklessly!
You are too injured to fight recklessly!
You are too injured to fight recklessly!
You are too injured to fight recklessly!
You hit the quokka.
The quokka is severely wounded.
The quokka bites you.
* * * LOW HITPOINT WARNING * * *
The quokka bites you but does no damage.
You hit the quokka.
The quokka is almost dead.
The frilled lizard unfolds its giant frill.
The quokka bites you.
* * * LOW HITPOINT WARNING * * *
You closely miss the quokka.
The quokka is almost dead.
The quokka bites you.
You die...

##########.. #........#.#
##### #.######.#.# ...#
....## ##...## #.#.# ...#
#...# #.....###.#.####... ##
###...####....lr@..........
..
#.......##....r###......#.#.#
........###...## #..###....
#............## #....##.#
#.#...###....#####..#....#
#..............#.##...##
#............#.#.#.†..#
....####.####.#.#.#.##)..#
...^^. ..####........###.#


You could see 2 quokkas and a frilled lizard.

Vanquished Creatures
  A ball python (D:1)
  An endoplasm (D:1)
  A goblin (D:1)
  2 rats (D:1)
5 creatures vanquished.

Notes
Turn   | Place    | Note
-------+----------+-------------------------------------------
     0 | D:1      | Descartes the Formicid Warper began the quest for the Orb.
     0 | D:1      | Reached XP level 1. HP: 16/16 MP: 3/3
   310 | D:1      | Found a faded altar of an unknown god.
   334 | D:1      | Slain by a quokka

Illustrated notes

Levels and vault maps discovered:
D:1:      nagdon_arrival_double_spiral, layout_loops_ring,
          ebering_ecumenical_altar_webs, minmay_pentomino_s4

Action                   || total
-------------------------++-------
Melee: Mace              ||    22
Armor: Leather armour    ||     9
Dodge: Dodged            ||    25
